TOP OF THE 1ST |
Miami Marlins batting - Pitching for Tampa Bay Rays : RHP Sonny Gray
|
Pitching: RHP Sonny Gray
|
|
Batting: LHB Kyle Tucker
|
0-0: Ball 1-0: Ball 2-0: Called Strike 2-1: Foul Ball, location: 2F 2-2: SOLO HOME RUN (Flyball, 89XD, EV 98.1 MPH), Distance : 430 ft
|
Batting: LHB David Dahl
|
0-0: Ball 1-0: Ball 2-0: Foul Ball, location: 2F 2-1: Ball 3-1: Swinging Strike 3-2: Foul Ball, location: 2F 3-2: TRIPLE (Flyball, 9LD, EV 93.8 MPH)
|
Batting: SHB Francisco Lindor
|
0-0: Called Strike 0-1: Called Strike 0-2: Ground out 4-3 (Groundball, 4, EV 85.0 MPH) David Dahl scores
|
Batting: RHB Javier Baez
|
0-0: Called Strike 0-1: Ball 1-1: Ball 2-1: Foul Ball, location: 2F 2-2: Strikes out looking
|
Batting: RHB Miguel Andujar
|
0-0: DOUBLE (Flyball, 78D, EV 95.0 MPH)
|
Batting: LHB Max Kepler
|
0-0: Swinging Strike 0-1: Ball 1-1: Ball 2-1: Ball 3-1: Base on Balls
|
Batting: RHB C.J. Cron
|
0-0: Called Strike 0-1: Foul Ball, location: 2F 0-2: Strikes out swinging
|
Top of the 1st over - 2 runs, 3 hits, 0 errors, 2 left on base; Miami 2 - Tampa Bay 0 |
BOTTOM OF THE 1ST |
Tampa Bay Rays batting - Pitching for Miami Marlins : LHP Sean Newcomb
|
Pitching: LHP Sean Newcomb
|
|
Batting: SHB Aaron Hicks
|
0-0: Foul Ball, location: 2F 0-1: Ball 1-1: Ball 2-1: Ball 3-1: Foul Ball, location: 2F 3-2: Base on Balls
|
Batting: RHB Marcell Ozuna
|
0-0: Ball 1-0: Fly out, F7 (Line Drive, 7D, EV 85.0 MPH)
|
Batting: RHB Xander Bogaerts
|
0-0: Ball 1-0: Ball 2-0: Grounds into double play, 6-4-3 (Groundball, 6, EV 90.6 MPH)
|
Bottom of the 1st over - 0 runs, 0 hits, 0 errors, 0 left on base; Miami 2 - Tampa Bay 0 |
TOP OF THE 2ND |
Miami Marlins batting - Pitching for Tampa Bay Rays : RHP Sonny Gray
|
Batting: LHB Christin Stewart
|
0-0: Called Strike 0-1: Ball 1-1: SINGLE (Groundball, 6MD, EV 105.0 MPH)
|
Batting: LHB Chance Sisco
|
0-0: Ball 1-0: Foul Ball, location: 2F 1-1: Ball 2-1: Foul Ball, location: 2F 2-2: Foul Ball, location: 2F 2-2: SINGLE (Flyball, 9S, EV 96.9 MPH) Christin Stewart to second
|
Batting: LHB Kyle Tucker
|
0-0: Ball 1-0: SINGLE (Line Drive, 9S, EV 94.4 MPH) Christin Stewart to third Chance Sisco to second
|
Batting: LHB David Dahl
|
0-0: Fly out, F8 (Flyball, 8RXD, EV 95.6 MPH) Runner from 3rd tags up, SCORES, no throw by CF
|
Batting: SHB Francisco Lindor
|
0-0: Swinging Strike 0-1: Called Strike 0-2: Fielders Choice at 2nd, 1-6 (Groundball, 13S, EV 62.5 MPH) Chance Sisco to third
|
Batting: RHB Javier Baez
|
0-0: Called Strike 0-1: Ball 1-1: Swinging Strike 1-2: Strikes out swinging
|
Top of the 2nd over - 1 run, 3 hits, 0 errors, 2 left on base; Miami 3 - Tampa Bay 0 |
BOTTOM OF THE 2ND |
Tampa Bay Rays batting - Pitching for Miami Marlins : LHP Sean Newcomb
|
Batting: RHB Nelson Cruz
|
0-0: Ball 1-0: Ball 2-0: Ball 3-0: Base on Balls
|
Batting: LHB Michael Conforto
|
0-0: Called Strike 0-1: Ball 1-1: Ball 2-1: Called Strike 2-2: Ball 3-2: Strikes out looking
|
Batting: RHB Buster Posey
|
0-0: Foul Ball, location: 2F 0-1: Foul Ball, location: 2F 0-2: Ball 1-2: Ball 2-2: Ball 3-2: SINGLE (Groundball, 4MD, EV 106.3 MPH) Nelson Cruz to second Runner from 2nd tries for 3rd, OUT! 8-5
|
Batting: RHB Miguel Cabrera
|
0-0: Ball 1-0: DOUBLE (Line Drive, 89XD, EV 107.5 MPH) Buster Posey to third
|
Batting: LHB Rafael Devers
|
0-0: Called Strike 0-1: Ground out 1-3 (Groundball, P, EV 86.9 MPH)
|
Bottom of the 2nd over - 0 runs, 2 hits, 0 errors, 2 left on base; Miami 3 - Tampa Bay 0 |
TOP OF THE 3RD |
Miami Marlins batting - Pitching for Tampa Bay Rays : RHP Sonny Gray
|
Batting: RHB Miguel Andujar
|
0-0: Ball 1-0: Called Strike 1-1: Swinging Strike 1-2: Strikes out looking
|
Batting: LHB Max Kepler
|
0-0: Called Strike 0-1: Ball 1-1: Ball 2-1: Foul Ball, location: 2F 2-2: Ball 3-2: DOUBLE (Line Drive, 7LS, EV 103.8 MPH)
|
Batting: RHB C.J. Cron
|
0-0: Foul Ball, location: 2F 0-1: Ball 1-1: Called Strike 1-2: Ground out 4-3 (Groundball, 6MD, EV 96.3 MPH) Max Kepler to third
|
Batting: LHB Christin Stewart
|
0-0: Foul Ball, location: 2F 0-1: Ball 1-1: Ball 2-1: Called Strike 2-2: Strikes out looking
|
Top of the 3rd over - 0 runs, 1 hit, 0 errors, 1 left on base; Miami 3 - Tampa Bay 0 |
BOTTOM OF THE 3RD |
Tampa Bay Rays batting - Pitching for Miami Marlins : LHP Sean Newcomb
|
Batting: RHB DJ LeMahieu
|
0-0: Ball 1-0: SINGLE (Line Drive, 34D, EV 95.0 MPH)
|
Batting: SHB Aaron Hicks
|
0-0: Swinging Strike 0-1: Foul Ball, location: 2F 0-2: Ball 1-2: SINGLE (Line Drive, 8RS, EV 106.3 MPH) DJ LeMahieu to second
|
Batting: RHB Marcell Ozuna
|
0-0: SINGLE (Groundball, 56D, EV 103.8 MPH) DJ LeMahieu to third Aaron Hicks to second
|
Batting: RHB Xander Bogaerts
|
0-0: Ball 1-0: Called Strike 1-1: Ball 2-1: Ball 3-1: Reached on error, E4 (Groundball, 4, EV 107.5 MPH) DJ LeMahieu scores Aaron Hicks to third Marcell Ozuna to second
|
Batting: RHB Nelson Cruz
|
0-0: Grounds into double play, 6-4-3 (Groundball, 6S, EV 84.4 MPH) Aaron Hicks scores Marcell Ozuna to third
|
Batting: LHB Michael Conforto
|
0-0: Swinging Strike 0-1: Ball 1-1: Called Strike 1-2: Strikes out swinging
|
Bottom of the 3rd over - 2 runs, 3 hits, 1 error, 1 left on base; Miami 3 - Tampa Bay 2 |
TOP OF THE 4TH |
Miami Marlins batting - Pitching for Tampa Bay Rays : RHP Sonny Gray
|
Batting: LHB Chance Sisco
|
0-0: Called Strike 0-1: Foul Ball, location: 2F 0-2: Foul Ball, location: 2F 0-2: Ball 1-2: Foul Ball, location: 2F 1-2: Foul Ball, location: 2F 1-2: Ball 2-2: Strikes out swinging
|
Batting: LHB Kyle Tucker
|
0-0: Ball 1-0: Ball 2-0: Ball 3-0: Called Strike 3-1: Foul Ball, location: 2F 3-2: Foul Ball, location: 2F 3-2: Hit by Pitch
|
Batting: LHB David Dahl
|
0-0: Called Strike 0-1: Called Strike 0-2: Ball 1-2: Fly out, F8 (Flyball, 8LXD, EV 101.9 MPH) Runner from 1st tags up, SAFE at 2nd
|
Batting: SHB Francisco Lindor
|
0-0: Foul Ball, location: 2F 0-1: Ball 1-1: Ball 2-1: Called Strike 2-2: Ball 3-2: Base on Balls
|
Batting: RHB Javier Baez
|
0-0: Ball 1-0: Called Strike 1-1: Ball 2-1: Fly out, F8 (Flyball, 8RD, EV 86.3 MPH)
|
Top of the 4th over - 0 runs, 0 hits, 0 errors, 2 left on base; Miami 3 - Tampa Bay 2 |
BOTTOM OF THE 4TH |
Tampa Bay Rays batting - Pitching for Miami Marlins : LHP Sean Newcomb
|
Batting: RHB Buster Posey
|
0-0: Called Strike 0-1: Ball 1-1: Ball 2-1: Ball 3-1: Base on Balls
|
Batting: RHB Miguel Cabrera
|
0-0: Ball 1-0: Ball 2-0: Ball 3-0: Base on Balls Buster Posey to second
|
Batting: LHB Rafael Devers
|
0-0: Foul Ball, location: 2F 0-1: Foul Ball, location: 2F 0-2: Foul Ball, location: 2F 0-2: Grounds into double play, 3-6-3 (Groundball, 34, EV 105.0 MPH) Buster Posey to third
|
Batting: RHB DJ LeMahieu
|
0-0: Foul Ball, location: 2F 0-1: Ball 1-1: Foul Ball, location: 2F 1-2: Strikes out swinging
|
Bottom of the 4th over - 0 runs, 0 hits, 0 errors, 1 left on base; Miami 3 - Tampa Bay 2 |
TOP OF THE 5TH |
Miami Marlins batting - Pitching for Tampa Bay Rays : RHP Sonny Gray
|
Pitching: RHP Ryne Harper
|
|
Batting: RHB Miguel Andujar
|
0-0: Called Strike 0-1: Ball 1-1: Called Strike 1-2: Strikes out swinging
|
Batting: LHB Max Kepler
|
0-0: Swinging Strike 0-1: Foul Ball, location: 2F 0-2: Foul Ball, location: 2F 0-2: Foul Ball, location: 2F 0-2: Ground out 3-1 (Groundball, 34, EV 101.3 MPH)
|
Batting: RHB C.J. Cron
|
0-0: Ground out 4-3 (Groundball, 6MS, EV 83.8 MPH)
|
Top of the 5th over - 0 runs, 0 hits, 0 errors, 0 left on base; Miami 3 - Tampa Bay 2 |
BOTTOM OF THE 5TH |
Tampa Bay Rays batting - Pitching for Miami Marlins : LHP Sean Newcomb
|
Batting: SHB Aaron Hicks
|
0-0: Ball 1-0: Called Strike 1-1: Called Strike 1-2: Strikes out looking
|
Batting: RHB Marcell Ozuna
|
0-0: Swinging Strike 0-1: Ball 1-1: Called Strike 1-2: Ground out 5-3 (Groundball, 5, EV 80.0 MPH)
|
Batting: RHB Xander Bogaerts
|
0-0: Called Strike 0-1: Ball 1-1: Called Strike 1-2: Ground out 3-1 (Groundball, 34, EV 89.4 MPH)
|
Bottom of the 5th over - 0 runs, 0 hits, 0 errors, 0 left on base; Miami 3 - Tampa Bay 2 |
TOP OF THE 6TH |
Miami Marlins batting - Pitching for Tampa Bay Rays : RHP Ryne Harper
|
Batting: LHB Christin Stewart
|
0-0: Foul Ball, location: 2F 0-1: Ball 1-1: Ball 2-1: Called Strike 2-2: Strikes out swinging
|
Batting: LHB Chance Sisco
|
0-0: Called Strike 0-1: Called Strike 0-2: Strikes out swinging
|
Batting: LHB Kyle Tucker
|
0-0: Called Strike 0-1: Called Strike 0-2: Ball 1-2: Strikes out swinging
|
Top of the 6th over - 0 runs, 0 hits, 0 errors, 0 left on base; Miami 3 - Tampa Bay 2 |
BOTTOM OF THE 6TH |
Tampa Bay Rays batting - Pitching for Miami Marlins : LHP Sean Newcomb
|
Batting: RHB Nelson Cruz
|
0-0: Ball 1-0: Called Strike 1-1: Foul Ball, location: 2F 1-2: Ball 2-2: Ball 3-2: Base on Balls
|
Batting: LHB Michael Conforto
|
0-0: Called Strike 0-1: Swinging Strike 0-2: Ball 1-2: Strikes out looking
|
Batting: RHB Buster Posey
|
0-0: Grounds into double play, 6-4-3 (Groundball, 6, EV 82.5 MPH)
|
Bottom of the 6th over - 0 runs, 0 hits, 0 errors, 0 left on base; Miami 3 - Tampa Bay 2 |
TOP OF THE 7TH |
Miami Marlins batting - Pitching for Tampa Bay Rays : RHP Ryne Harper
|
Pitching: RHP Mychal Givens
|
|
Batting: LHB David Dahl
|
0-0: Swinging Strike 0-1: Ground out 6-3 (Groundball, 6, EV 94.4 MPH)
|
Batting: SHB Francisco Lindor
|
0-0: Ball 1-0: Foul Ball, location: 2F 1-1: Fly out, F4 (Popup, 34S, EV 75.6 MPH)
|
Batting: RHB Javier Baez
|
0-0: Called Strike 0-1: Ball 1-1: Ball 2-1: Swinging Strike 2-2: Ball 3-2: Strikes out swinging
|
Top of the 7th over - 0 runs, 0 hits, 0 errors, 0 left on base; Miami 3 - Tampa Bay 2 |
BOTTOM OF THE 7TH |
Tampa Bay Rays batting - Pitching for Miami Marlins : LHP Sean Newcomb
|
Pitching: RHP John Axford
|
|
Batting: RHB Miguel Cabrera
|
0-0: Ball 1-0: Fly out, F8 (Flyball, 8LM, EV 91.9 MPH)
|
Batting: LHB Rafael Devers
|
0-0: Called Strike 0-1: Ball 1-1: Ball 2-1: Ball 3-1: Foul Ball, location: 2F 3-2: Base on Balls
|
Batting: RHB DJ LeMahieu
|
0-0: Ball 1-0: Foul Ball, location: 2F 1-1: Foul Ball, location: 2F 1-2: Foul Ball, location: 2F 1-2: Ball 2-2: Foul Ball, location: 2F 2-2: Foul Ball, location: 2F 2-2: Strikes out swinging
|
Batting: SHB Aaron Hicks
|
0-0: Ball 1-0: Ball Wild Pitch! Rafael Devers to second 2-0: Called Strike 2-1: Ball 3-1: Swinging Strike 3-2: Fly out, F5 (Popup, 25, EV 86.3 MPH)
|
Bottom of the 7th over - 0 runs, 0 hits, 0 errors, 1 left on base; Miami 3 - Tampa Bay 2 |
TOP OF THE 8TH |
Miami Marlins batting - Pitching for Tampa Bay Rays : RHP Mychal Givens
|
Batting: RHB Miguel Andujar
|
0-0: Ground out 6-3 (Groundball, 56S, EV 85.6 MPH)
|
Batting: LHB Max Kepler
|
0-0: Ball 1-0: Ball 2-0: Ball 3-0: Base on Balls
|
Batting: RHB C.J. Cron
|
0-0: Called Strike 0-1: Called Strike 0-2: Ball 1-2: Ball 2-2: Foul Ball, location: 2F 2-2: Foul Ball, location: 2F 2-2: Foul Ball, location: 2F 2-2: Fly out, F8 (Flyball, 8RD, EV 83.8 MPH)
|
Batting: LHB Christin Stewart
|
0-0: Called Strike 0-1: Foul Ball, location: 2F 0-2: Ball 1-2: Foul Ball, location: 2F 1-2: Ball 2-2: Foul Ball, location: 2F 2-2: SINGLE (Line Drive, 9LS, EV 86.3 MPH) Max Kepler to second Runner from 2nd tries for 3rd, SAFE, throw by RF made to third
|
Pitching: LHP Sean Doolittle
|
|
Batting: LHB Chance Sisco
|
0-0: Foul Ball, location: 2F 0-1: Swinging Strike 0-2: Ball 1-2: Ground out U3 (Groundball, 3L, EV 92.5 MPH)
|
Top of the 8th over - 0 runs, 1 hit, 0 errors, 2 left on base; Miami 3 - Tampa Bay 2 |
BOTTOM OF THE 8TH |
Tampa Bay Rays batting - Pitching for Miami Marlins : RHP John Axford
|
Pitching: RHP Zach Putnam
|
|
Batting: RHB Marcell Ozuna
|
0-0: Ball 1-0: Called Strike 1-1: Fly out, F8 (Flyball, 8RM, EV 84.4 MPH)
|
Batting: RHB Xander Bogaerts
|
0-0: Called Strike 0-1: Ball 1-1: Called Strike 1-2: Strikes out looking
|
Batting: RHB Nelson Cruz
|
0-0: Ball 1-0: Ball 2-0: Ball 3-0: Called Strike 3-1: Ground out 5-3 (Groundball, 5, EV 86.3 MPH)
|
Bottom of the 8th over - 0 runs, 0 hits, 0 errors, 0 left on base; Miami 3 - Tampa Bay 2 |
TOP OF THE 9TH |
Miami Marlins batting - Pitching for Tampa Bay Rays : LHP Sean Doolittle
|
Pitching: RHP Keone Kela
|
|
Batting: LHB Kyle Tucker
|
0-0: Called Strike 0-1: SOLO HOME RUN (Flyball, 89XD, EV 103.1 MPH), Distance : 450 ft
|
Batting: LHB David Dahl
|
0-0: Called Strike 0-1: Swinging Strike 0-2: Strikes out looking
|
Batting: SHB Francisco Lindor
|
0-0: Foul Ball, location: 2F 0-1: Swinging Strike 0-2: Foul Ball, location: 2F 0-2: Ball 1-2: Strikes out swinging
|
Batting: RHB Javier Baez
|
0-0: Ball 1-0: Called Strike 1-1: Ball 2-1: Foul Ball, location: 2F 2-2: Strikes out swinging
|
Top of the 9th over - 1 run, 1 hit, 0 errors, 0 left on base; Miami 4 - Tampa Bay 2 |
BOTTOM OF THE 9TH |
Tampa Bay Rays batting - Pitching for Miami Marlins : RHP Zach Putnam
|
Pitching: RHP Blake Treinen
|
|
Batting: LHB Michael Conforto
|
0-0: Ground out 6-3 (Groundball, 6, EV 82.5 MPH)
|
Batting: RHB Buster Posey
|
0-0: Ball 1-0: Called Strike 1-1: Ball 2-1: Foul Ball, location: 2F 2-2: Ground out 6-3 (Groundball, 6, EV 84.4 MPH)
|
Batting: RHB Miguel Cabrera
|
0-0: Ground out 6-3 (Groundball, 6, EV 80.6 MPH)
|
Bottom of the 9th over - 0 runs, 0 hits, 0 errors, 0 left on base; Miami 4 - Tampa Bay 2 |
|